 Dungeon Crawl Stone Soup version 0.32-a0-422-g28b100f618 (webtiles) character file.

Game seed: 8269824736003824163

679 Aldia the Sneak (level 7, -1/37 HPs)
             Began as a Vine Stalker Brigand on Feb 21, 2024.
             Slain by a black bear (4 damage)
             ... on level 4 of the Dungeon.
             The game lasted 00:04:41 (3166 turns).

Aldia the Sneak (Vine Stalker Brigand)              Turns: 3166, Time: 00:04:41

Health: -1/37      AC:  5    Str: 20    XL:     7   Next: 60%
Magic:  0/8        EV: 12    Int: 11    God:
Gold:   234        SH:  0    Dex: 17    Spells: 4/6 levels left

rFire   . . .        a - +2 dagger
rCold   . . .        (no shield)
rNeg    . . .        n - +1 robe "Luamu" {+Inv SInv}
rPois   .            (no helmet)
rElec   .            c - +0 cloak
rCorr   .            g - +0 pair of gloves
SInv    +            (no boots)
Will    .....        (no amulet)
Stlth   ++++         k - +6 ring of strength
HPRegen 1.06/turn    (no ring)
MPRegen 0.11/turn

%: guardian spirit
@: no status effects
A: fangs 2, regeneration 1, magic shield, antimagic bite, no potion heal 2
a: Evoke Invisibility


You were on level 4 of the Dungeon.
You visited 1 branch of the dungeon, and saw 4 of its levels.

You collected 234 gold pieces.

Inventory:

Hand Weapons
 a - a +2 dagger (weapon)
 l - a +0 rapier
Missiles
 d - 21 poisoned darts (quivered)
 e - 3 curare-tipped darts
Armour
 b - a +0 robe
 c - a +0 cloak (worn)
 g - a +0 pair of gloves (worn)
 m - a scarf of repulsion
 n - the +1 robe "Luamu" (worn) {+Inv SInv}
   (You found it on level 3 of the Dungeon)

   SInv:      It lets you see invisible.
   +Inv:      It lets you turn invisible.
Jewellery
 k - a +6 ring of strength (left hand)
Scrolls
 f - a scroll of noise
 j - a scroll of fear
 p - a scroll of revelation {unknown}
 q - a scroll of fog {unknown}
Potions
 h - a potion of haste
 i - 2 potions of enlightenment
 o - a potion of heal wounds {unknown}
 r - a potion of resistance


   Skills:
 + Level 3.6 Fighting
 * Level 4.9 Short Blades
 - Level 1.7 Throwing
 - Level 2.1 Dodging
 + Level 6.7 Stealth
 + Level 2.0 Translocations


You had 4 spell levels left.
You knew the following spells:

 Your Spells              Type           Power      Damage    Failure   Level
a - Blink                 Tloc           8%         N/A       24%         2

Your spell library contained the following spells:

 Spells                   Type           Power      Damage    Failure   Level
 Lesser Beckoning         Tloc           8%         N/A       24%         2
 Momentum Strike          Conj/Tloc      4%         3d8       34%         2
 Ensorcelled Hibernation  Hex/Ice        0%         N/A       47%         2
 Passwall                 Erth           0%         N/A       71%         3
 Summon Ice Beast         Ice/Summ       0%         N/A       71%         3
 Swiftness                Air            0%         N/A       71%         3
 Animate Dead             Necr           0%         N/A       98%         4
 Borgnjor's Vile Clutch   Necr/Erth      0%         N/A       100%        5
 Summon Mana Viper        Hex/Summ       0%         N/A       100%        5
 Death Channel            Necr           0%         N/A       100%        6
 Sculpt Simulacrum        Ice/Alch       0%         N/A       100%        6
 Monstrous Menagerie      Summ           0%         N/A       100%        7
 Ozocubu's Refrigeration  Ice            0%         4d7       100%        7
 Polar Vortex             Ice            0%         N/A       100%        9


Dungeon Overview and Level Annotations

Branches:
Dungeon (4/15)
 Temple: D:4-7

Altars:

Annotations:
D:4 1 runed translucent door, Crazy Yiuf


Innate Abilities, Weirdness & Mutations

You have extremely sharp teeth.
Your natural rate of healing is unusually fast.
When hurt, damage is shared between your health and your magic reserves.
Your bite disrupts and absorbs the magic of your enemies.
Potions cannot restore your health.


Message History

The black bear claws you but does no damage.
The black bear barely misses you.
You hit the black bear. You bite the black bear. You drain its power.
You feel invigorated.
The black bear is severely wounded.
The black bear goes berserk!
You closely miss the black bear. You bite the black bear. You drain its power.
The black bear is severely wounded.
The black bear misses you.
The black bear claws you but does no damage.
The black bear completely misses you.
You barely miss the black bear.
The black bear is severely wounded.
The black bear closely misses you.
The black bear claws you but does no damage.
The black bear barely misses you.
You hit the black bear but do no damage.
The black bear is severely wounded.
The black bear bites you. The black bear closely misses you.
The black bear completely misses you.
You hit the black bear but do no damage.
You bite the black bear. You drain its power.
You feel invigorated.
The black bear is almost dead.
The black bear bites you!
The black bear claws you but does no damage.
The black bear claws you.
You are too injured to fight recklessly!
You are too injured to fight recklessly!
You are too injured to fight recklessly!
You hit the black bear. Your bite misses the black bear.
The black bear is almost dead.
The black bear bites you!
* * * LOW HITPOINT WARNING * * *
The black bear claws you.
* * * LOW HITPOINT WARNING * * *
The black bear claws you.
* * * LOW HITPOINT WARNING * * *
The black bear closely misses you. The black bear barely misses you.
The black bear claws you.
You die...

##.#.#.##..# ### #
#....... .. ..# #
######### # #.# # #.#
# #.# # #.# # #
####.########
##.######.)..........
#..h@.....###########
##.######## #


You could see a black bear (berserk).

Vanquished Creatures
  Menkaure (D:4)
  A centaur (D:4)
  Blork the orc (D:4)
  A scorpion (D:4)
  2 hounds (D:4)
  Terence (D:2)
  7 gnolls
  5 adders
  A dart slug (D:1)
  6 orcs
  6 ball pythons
  9 endoplasms
  6 giant cockroaches
  8 goblins
  9 hobgoblins
  8 jackals (D:1)
  8 kobolds
  2 quokkas
  4 bats
  2 frilled lizards (D:2)
  3 rats
91 creatures vanquished.

Notes
Turn   | Place    | Note
-------+----------+-------------------------------------------
     0 | D:1      | Aldia the Vine Stalker Brigand began the quest for the Orb.
     0 | D:1      | Reached XP level 1. HP: 11/11 MP: 2/2
    77 | D:1      | Reached skill level 1 in Dodging
    77 | D:1      | Reached XP level 2. HP: 15/15 MP: 3/3
    81 | D:1      | Reached skill level 5 in Stealth
   126 | D:1      | Reached XP level 3. HP: 18/18 MP: 4/4
   354 | D:1      | Reached XP level 4. HP: 20/23 MP: 3/5
   968 | D:2      | Learned a level 2 spell: Blink
  1037 | D:2      | Reached XP level 5. HP: 26/27 MP: 6/6
  1077 | D:2      | Noticed Terence
  1080 | D:2      | Killed Terence
  1387 | D:2      | Found a faded altar of an unknown god.
  1910 | D:3      | Identified the +1 robe "Luamu" {+Inv SInv}
  2192 | D:3      | Reached XP level 6. HP: 32/32 MP: 7/7
  2464 | D:3      | Reached skill level 6 in Stealth
  2555 | D:4      | Noticed Menkaure
  2791 | D:4      | Reached skill level 1 in Translocations
  2853 | D:4      | Killed Menkaure
  2854 | D:4      | Reached XP level 7. HP: 15/36 MP: 3/8
  3088 | D:4      | Found a runed translucent door.
  3089 | D:4      | Noticed Crazy Yiuf
  3138 | D:4      | Noticed Blork the orc
  3145 | D:4      | Killed Blork the orc
  3166 | D:4      | Slain by a black bear

Illustrated notes

Levels and vault maps discovered:
D:1:      dpeg_arrival_rooms_b, layout_basic
D:2:      layout_basic, shapermc_ecumenical_altar_pompeii,
          guppyfry_early_orc_mine, uniq_terence
D:3:      layout_loops_corners
D:4:      layout_loops_ring, minmay_checkerbox, uniq_blork_the_orc,
          uniq_menkaure, uniq_crazy_yiuf_cottage

Skill      XL: |  1  2  3  4  5  6  7 |
---------------+----------------------+-----
Short Blades   | 2 3 4 |  4.9
Dodging        | 1 2 |  2.1
Fighting       | 2 3 |  3.6
Stealth        | 5 6 |  6.7
Translocations | 1 2 |  2.0
Throwing       | |  1.7

Action                     |  1- 3 |  4- 6 |  7- 9 || total
---------------------------+-------+-------+-------++-------
  Melee: Dagger            |    96 |   173 |    36 ||   305
         Bite              |    26 |    48 |    17 ||    91
    Use: Scroll            |       |     5 |     1 ||     6
   Stab: Distracted        |     1 |       |       ||     1
         Sleeping          |     2 |    11 |     2 ||    15
 Armour: Robe              |    47 |    74 |    28 ||   149
  Dodge: Dodged            |    56 |    69 |    23 ||   148

Table legend: (Time is in decaauts)
 A = Elapsed time spent in this place.
 B = Non-inter-level travel time spent in this place.
 C = Inter-level travel time spent in this place.
 D = Time resting spent in this place.
 E = Time spent auto-exploring this place.
 F = Levels seen in this place.
 G = Mean time per level.
                   A        B        C        D        E       F      G
               +--------+--------+--------+--------+--------+-----+--------+
         Total |   3116 |   2933 |    183 |      0 |   2322 |   4 |  779.0 |
       Dungeon |   3116 |   2933 |    183 |      0 |   2322 |   4 |  779.0 |
               +--------+--------+--------+--------+--------+-----+--------+

Top non-repeatable levels by time:
     D:3: 1004 daAuts
     D:1: 846 daAuts
     D:2: 696 daAuts
     D:4: 569 daAuts
